 Dungeon Crawl Stone Soup version 0.31.0-1-g2c135a008e (webtiles) character file.

Game seed: 4761349196739768120

83 qw the Shooter (level 4, 0/34 HPs)
             Began as a Djinni Hunter on Jan 23, 2024.
             Slain by a gnoll
             ... wielding a +0 spear
              (5 damage)
             ... on level 3 of the Dungeon.
             The game lasted 00:00:05 (1580 turns).

qw the Shooter (Djinni Hunter)                      Turns: 1580, Time: 00:00:05

Health: 0/34       AC:  3    Str: 16    XL:     4   Next: 71%
Gold:   108        EV: 14    Int: 11    God:
                   SH:  0    Dex: 24

rFire   + + .        a - +0 shortbow
rCold   x . .        (shield currently unavailable)
rNeg    . . .        c - +0 leather armour
rPois   inf          (no helmet)
rElec   .            (no cloak)
rCorr   .            (no gloves)
SInv    .            (boots unavailable)
Will    .....        e - amulet of faith
Stlth   ++           d - +6 ring of dexterity
HPRegen 0.25/turn    f - +6 ring of strength
MPRegen 0.00/turn

%: faith, infuse magic (-1 HP)
@: flying
A: sickness immunity, fire resistance 2, cold vulnerability 1, float, innate
caster, HP casting, extra vitality 1
a: no special abilities


You were on level 3 of the Dungeon.
You visited 1 branch of the dungeon, and saw 3 of its levels.

You collected 108 gold pieces.


Innate Abilities, Weirdness & Mutations

You are immune to sickness and miasma.
You are immune to poison.
Your flesh is very heat resistant. (rF++)
You are vulnerable to cold. (rC-)
You float through the air rather than walking.
You learn spells naturally, not from books.
Your magical power is your life essence.
You have superior vitality. (+4 MHP)


   Skills:
 + Level 2.5 Fighting
 - Level 4.0 Ranged Weapons
 - Level 3.6 Dodging
 - Level 0.7 Stealth


You knew the following spells:

 Your Spells              Type           Power      Damage    Failure   Level
a - Freeze                Ice            0%         1d3       41%         1
Your spell library was empty.

Inventory:

Hand Weapons
 a - a +0 shortbow (weapon)
Armour
 c - a +0 leather armour (worn)
Jewellery
 d - a +6 ring of dexterity (left hand)
 e - an amulet of faith (around neck)
 f - a +6 ring of strength (right hand)
Potions
 b - a potion of haste {unknown}
 g - a potion of invisibility {unknown}
 i - a potion of resistance {unknown}

Dungeon Overview and Level Annotations

Branches:
Dungeon (3/15)

Altars:
Qazlal


Message History

The gnoll is lightly wounded.
You shoot an arrow.
The arrow hits the gnoll but does no damage.
The gnoll is lightly wounded.
You shoot an arrow. The arrow hits the gnoll!
The gnoll is heavily wounded.
The gnoll hits you with a +0 flail.
A gnoll comes into view. It is wielding a +0 spear.
You shoot an arrow. The arrow hits the gnoll.
The gnoll is severely wounded.
The gnoll hits you with a +0 flail!
You shoot an arrow. The arrow hits the gnoll.
The gnoll is almost dead.
The gnoll barely misses you. x2
You shoot an arrow. The arrow hits the gnoll.
The gnoll is almost dead.
The gnoll misses you.
You shoot an arrow. The arrow hits the gnoll.
You kill the gnoll!
You shoot an arrow. The arrow hits the gnoll.
The gnoll is moderately wounded.
The gnoll hits you with a +0 whip. The gnoll misses you.
You shoot an arrow. The arrow closely misses the gnoll. x2
The gnoll hits you with a +0 whip.
The gnoll hits you from afar with a +0 spear!
The gnoll closely misses you. x2
You shoot an arrow. The arrow hits the gnoll.
The gnoll is heavily wounded.
The gnoll hits you with a +0 whip. The gnoll misses you.
You shoot an arrow. The arrow hits the gnoll.
The gnoll is heavily wounded.
The gnoll barely misses you. The gnoll closely misses you.
You shoot an arrow. The arrow hits the gnoll.
The gnoll is almost dead.
The gnoll barely misses you.
The gnoll hits you from afar with a +0 spear.
You shoot an arrow. The arrow barely misses the gnoll.
The arrow hits the gnoll!
The gnoll is almost dead.
The gnoll hits you from afar with a +0 spear.
You die...

#################
#................
#.#######.....###
#.# #.###.# #.#
#.# #.# #@# #.#
#.# #g# #.# #.#
#g# #.# #.# #.#
#.# #.#
#.#######.###.####
........<.........
..#######.......##
$.# #####.#.#
#.#.#


You could see 2 gnolls.

Vanquished Creatures
  Jessica (D:3)
  A gnoll (D:3)
  2 adders
  A dart slug (D:1)
  A ribbon worm (D:2)
  A ball python (D:1)
  A giant cockroach (D:2)
  9 hobgoblins
  3 quokkas (D:1)
  4 rats
24 creatures vanquished.

Notes
Turn   | Place    | Note
-------+----------+-------------------------------------------
     0 | D:1      | qw the Djinni Hunter began the quest for the Orb.
     0 | D:1      | Reached XP level 1. HP: 18/18 MP: 0/0
     0 | D:1      | 0 ||| qw: Version: 0.3-a-136-gdd3b4e8
     0 | D:1      | 0 ||| qw: Game counter: 1106
     0 | D:1      | 0 ||| qw: Melee chars always use a shield: true
     0 | D:1      | 0 ||| qw: God list: Okawaru
     0 | D:1      | 0 ||| qw: Allow faded altars: false
     0 | D:1      | 0 ||| qw: Do Orc after clearing Dungeon:15 true
     0 | D:1      | 0 ||| qw: Do second Lair branch before Depths: true
     0 | D:1      | 0 ||| qw: Lair rune preference: random
     0 | D:1      | 0 ||| qw: Goals: Normal
     0 | D:1      | 0 ||| PLANNING D:1-11
   238 | D:1      | Reached XP level 2. HP: 23/23 MP: 0/0
   833 | D:1      | Reached skill level 4 in Ranged Weapons
   833 | D:1      | Reached XP level 3. HP: 28/28 MP: 0/0
   833 | D:1      | Learned a level 1 spell: Freeze
  1066 | D:1      | 1066 ||| UPGRADING to amulet of faith.
  1071 | D:1      | 1071 ||| UPGRADING to +6 ring of dexterity.
  1072 | D:1      | 1072 ||| READING scroll labelled WICEUTURUO.
  1073 | D:1      | 1073 ||| DRINKING 2 fuming cyan potions.
  1107 | D:1      | 1107 ||| DROPPING scroll of butterflies.
  1108 | D:1      | 1108 ||| DROPPING potion of lignification.
  1140 | D:2      | Found a faded altar of an unknown god.
  1454 | D:2      | 1454 ||| UPGRADING to +6 ring of strength.
  1455 | D:2      | 1455 ||| READING scroll labelled GAQOALOCVI.
  1474 | D:3      | Noticed Jessica
  1478 | D:3      | Killed Jessica
  1479 | D:3      | Reached skill level 3 in Dodging
  1479 | D:3      | Reached XP level 4. HP: 33/33 MP: 0/0
  1490 | D:3      | Found a stormy altar of Qazlal.
  1579 | D:3      | HP: 5/34 [gnoll/+0 spear (5)]
  1580 | D:3      | Slain by a gnoll

Levels and vault maps discovered:
D:1:      sevenhm_arrival_forest_fort_large_2, layout_basic, serial_forest,
          infiniplex_forest_clump_curved, infiniplex_forest_end_1,
          infiniplex_forest_end_2, infiniplex_forest_lined_corner,
          infiniplex_forest_clump_C, infiniplex_forest_straight_3
D:2:      layout_rooms, nicolae_ecumenical_pavilion
D:3:      layout_loops_ring, grunt_qazlal_sundering, uniq_terence, uniq_jessica

Skill      XL: |  1  2  3 |
---------------+----------+-----
Ranged Weapons | 4 |  4.0
Dodging        | 3 |  3.6
Fighting       | |  2.5
Stealth        | |  0.7

Action                     |  1- 3 |  4- 6 || total
---------------------------+-------+-------++-------
   Fire: Shortbow          |    74 |    23 ||    97
    Use: Scroll            |     2 |       ||     2
         Potion            |     1 |       ||     1
 Armour: Leather armour    |    14 |     9 ||    23
  Dodge: Dodged            |    12 |    11 ||    23

Table legend:
 A = Non-vault XP
 B = Vault XP
 C = Vault XP percentage of total XP
 D = Non-vault monster count
 E = Vault monster count
 F = Vault count percentage of total count
                 A         B        C        D         E       F
            +---------+---------+-------+---------+---------+-------
      Total |      82 |      37 |  31.1 |      23 |       1 |   4.2
            +---------+---------+-------+---------+---------+-------
        D:1 |      30 |       0 |   0.0 |      15 |       0 |   0.0
        D:2 |      21 |       0 |   0.0 |       4 |       0 |   0.0
        D:3 |      31 |      37 |  54.4 |       4 |       1 |  20.0
            +---------+---------+-------+---------+---------+-------
